Map: Moonlight Madness LE (Void)

Players

Fleshspawn - Winner!

  • Race: Zerg Zerg
  • League: Platinum

DestroyBoy

  • Race: Terran Terran
  • League: Platinum

VOD

Have the link to the VOD?

Description

Time

  • Played on: July 28, 2015, 2:45 a.m.
  • Length: 15:27
Show
View Real Time Build Order
Export as new Build Order

Fleshspawn Zerg - Winner!

Build Orders: Hatch First, Muta Ling Bane 

Get SALT Encoding   

  12  0:01  Drone  
  13  0:12  Overlord  
  13  0:17  Drone  
  14  0:27  Drone, Extractor  
  15  0:31  Drone  
  15  0:34  Drone  
  17  0:44  Drone  
  18  0:56  Hatchery  
  17  0:57  Drone  
  18  1:06  Drone  
  19  1:15  Spawning Pool  
  19  1:17  Drone  
  19  1:19  Extractor  
  18  1:27  Drone  
  19  1:38  Overlord  
  19  1:51  Drone  
  20  2:01  Queen  
  20  2:02  Zergling x2  
  20  2:07  Queen  
  25  2:08  Zergling x2  
  25  2:11  Overlord  
  26  2:21  Metabolic Boost  
  26  2:26  Overlord  
  26  2:27  Drone  
  27  2:39  Drone  
  27  2:41  Hatchery, Drone  
  28  2:44  Drone  
  28  2:47  Drone  
  30  2:54  Queen  
  30  2:58  Drone  
  33  3:01  Drone  
  34  3:16  Drone  
  34  3:18  Roach Warren, Drone x2  
  36  3:23  Drone x4  
  40  3:28  Overlord  
  40  3:37  Queen  
  42  3:42  Lair  
  42  3:44  Extractor  
  41  3:52  Zergling x4  
  41  3:53  Zergling x6  
  45  4:03  Drone x3  
  45  4:04  Drone  
  49  4:16  Drone x3  
  53  4:17  Drone  
  53  4:19  Extractor  
  53  4:20  Extractor  
  50  4:26  Drone x3  
  50  4:28  Drone x3  
  50  4:30  Zergling x4  
  58  4:35  Overlord x2  
  58  4:39  Overlord  
  56  5:01  Drone x2  
  56  5:04  Zergling x2  
  56  5:05  Zergling x12  
  59  5:17  Drone  
  59  5:18  Drone x9, Spire  
  65  5:29  Drone x6  
  71  5:42  Evolution Chamber x2  
  69  5:46  Baneling Nest  
  68  5:54  Zergling x6  
  68  5:55  Zergling x2  
  71  5:57  Overlord  
  71  6:01  Drone x5  
  76  6:07  Extractor  
  76  6:09  Extractor  
  74  6:11  Drone x2  
  74  6:12  Drone  
  74  6:13  Drone x3  
  80  6:22  Overlord x2  
  80  6:23  Overlord x2  
  80  6:28  Overlord  
  80  6:33  Baneling x2  
  80  6:38  Mutalisk x5  
  90  6:45  Mutalisk x5  
  100  6:55  Mutalisk  
  100  6:56  Mutalisk x3  
  100  7:00  Mutalisk  
  110  7:03  Overseer  
  110  7:05  Overseer  
  110  7:06  Overlord x2  
  110  7:16  Zerg Flyer Weapons Level 1  
  110  7:23  Overlord  
  110  7:24  Overlord x3  
  110  7:26  Drone x5  
  110  7:29  Drone x2  
  117  7:30  Drone  
  117  7:39  Centrifical Hooks, Zerg Ground Armor Level 1, Zerg Melee Weapons Level 1  
  117  7:50  Pneumatized Carapace  
  117  7:53  Drone x2  
  117  7:54  Drone, Spine Crawler x2  
  117  7:56  Spore Crawler  
  117  7:59  Mutalisk x3  
  117  8:04  Zergling x6  
  126  8:26  Extractor  
  125  8:27  Hatchery  
  125  8:28  Extractor  
  123  8:36  Drone  
  123  8:39  Hatchery  
  123  8:40  Overlord  
  123  8:41  Overlord x2  
  122  8:42  Zergling x18  
  122  8:43  Zergling x10  
  122  8:46  Burrow  
  136  9:04  Baneling  
  136  9:05  Baneling x5  
  136  9:08  Overseer  
  136  9:09  Overseer  
  135  9:10  Overlord, Zerg Flyer Armor Level 1  
  135  9:11  Overlord x2  
  135  9:27  Drone x2  
  135  9:28  Drone  
  138  9:40  Baneling  
  138  9:41  Baneling x10  
  138  9:42  Zergling x2  
  138  9:43  Zergling x28  
  152  9:48  Zerg Ground Armor Level 2, Zerg Melee Weapons Level 2  
  152  9:50  Drone  
  153  9:52  Infestation Pit  
  151  10:03  Zergling x2  
  151  10:04  Zergling x26  
  163  10:12  Zergling x2  
  163  10:13  Zergling x4  
  139  10:19  Mutalisk x2  
  139  10:20  Mutalisk x3  
  141  10:24  Zergling x2  
  141  10:25  Zergling x16  
  147  10:29  Baneling  
  147  10:30  Baneling x9  
  147  10:31  Baneling  
  139  10:47  Hatchery, Extractor  
  139  10:48  Extractor  
  109  10:58  Mutalisk  
  109  10:59  Mutalisk x8  
  109  11:02  Zergling x6  
  109  11:03  Zergling x4  
  130  11:11  Hive  
  130  11:13  Baneling x2  
  130  11:15  Overseer  
  130  11:26  Baneling x2  
  130  11:27  Zergling x8, Baneling x6  
  130  11:28  Zergling x14  
  141  11:42  Baneling x2  
  141  11:44  Overseer  
  141  11:47  Baneling x4  
  141  11:48  Zergling x8, Baneling  
  141  11:49  Zergling x16  
  153  11:56  Zergling x2  
  153  11:57  Zergling x14  
  159  12:11  Baneling  
  159  12:12  Baneling x4  
  159  12:26  Drone x7  
  159  12:27  Drone  
  167  12:31  Drone, Ultralisk Cavern, Greater Spire  
  167  12:33  Zerg Ground Armor Level 3  
  167  12:35  Zerg Melee Weapons Level 3  
  167  12:41  Pathogen Glands  
  167  13:00  Zergling x6  
  167  13:02  Drone x3  
  167  13:03  Drone  
  167  13:04  Drone  
  167  13:05  Spine Crawler  
  174  13:06  Spine Crawler  
  174  13:09  Spore Crawler, Baneling x6  
  174  13:10  Zergling x2  
  174  13:11  Zergling x2  
  174  13:21  Chitinous Plating  
  174  13:23  Ultralisk  
  180  13:30  Ultralisk  
  186  13:38  Ultralisk  
  181  14:05  Ultralisk  
  181  14:06  Ultralisk x2  
  195  14:25  Drone  
  195  14:27  Hydralisk Den  
  187  14:35  Overseer x2  
  183  14:48  Baneling  
  183  14:49  Baneling x5  
  183  14:51  Mutalisk x6  
  194  14:56  Overlord x5  
  199  15:25  Spine Crawler  
Show
View Real Time Build Order
Export as new Build Order

DestroyBoy Terran 

Build Orders: MMM Bio, Siege Tank Drop 

Get SALT Encoding   

  12  0:01  SCV  
  13  0:16  SCV  
  13  0:21  Supply Depot  
  14  0:28  SCV  
  15  0:40  Refinery  
  15  0:42  SCV  
  16  0:45  Barracks  
  16  0:54  SCV  
  17  1:06  SCV  
  18  1:19  SCV  
  19  1:32  Orbital Command  
  19  1:34  Marine  
  19  1:39  Refinery  
  20  1:42  Factory  
  20  1:50  Supply Depot  
  20  1:52  Marine  
  21  2:03  SCV  
  22  2:10  Marine  
  23  2:17  SCV  
  24  2:29  SCV  
  24  2:31  Factory Tech Lab  
  24  2:32  Marine  
  24  2:33  Starport  
  25  2:37  Supply Depot  
  25  2:41  SCV  
  29  2:51  Siege Tank, Marine  
  30  2:59  SCV  
  30  3:00  Supply Depot  
  31  3:09  Medivac  
  31  3:10  Marine  
  31  3:12  SCV  
  35  3:26  Command Center  
  35  3:30  Marine  
  35  3:33  Siege Tank  
  39  3:40  SCV  
  40  3:42  Medivac  
  42  3:58  Barracks  
  42  4:01  Supply Depot, Barracks  
  42  4:15  Factory Reactor  
  42  4:25  SCV  
  42  4:27  Supply Depot  
  42  4:28  Starport Reactor  
  42  4:29  Stimpack  
  43  4:35  Engineering Bay  
  43  4:37  SCV  
  44  5:06  SCV  
  40  5:18  Marine x2  
  40  5:19  SCV  
  43  5:43  SCV  
  43  5:44  Orbital Command  
  44  5:53  Terran Infantry Weapons Level 1, Engineering Bay  
  44  5:55  SCV, Marine x5  
  50  6:02  Armory  
  50  6:05  Supply Depot  
  50  6:07  SCV  
  50  6:08  Liberator  
  51  6:13  Factory Reactor  
  51  6:18  Refinery  
  51  6:19  SCV  
  51  6:22  Marine x4  
  51  6:23  Marine  
  57  6:31  SCV  
  61  6:38  SCV  
  62  6:40  Marine  
  62  6:41  Marine  
  62  6:42  Marine x3  
  62  6:43  SCV  
  62  6:44  Supply Depot x2  
  68  6:47  Terran Infantry Armor Level 1  
  68  6:50  SCV  
  68  6:51  Combat Shields  
  68  6:53  Terran Ship Weapons Level 1  
  69  6:55  SCV  
  69  6:57  Widow Mine x2  
  74  7:06  SCV  
  74  7:07  SCV, Marine x5  
  81  7:19  SCV  
  82  7:26  SCV  
  82  7:27  Liberator  
  82  7:29  Refinery  
  83  7:31  SCV, Marine x3  
  83  7:32  Marine  
  83  7:33  Marine  
  89  7:38  Supply Depot  
  89  7:41  Supply Depot  
  89  7:43  Widow Mine x2  
  90  7:47  Missile Turret  
  90  7:49  Missile Turret, Marine x2  
  90  7:50  Marine x3  
  98  8:01  SCV x2  
  100  8:08  Command Center  
  100  8:11  Terran Infantry Weapons Level 2  
  100  8:12  Liberator, Marine  
  101  8:22  Widow Mine, Marine x3  
  106  8:33  Marine  
  112  8:34  Marauder  
  112  8:36  SCV x2  
  114  8:42  Marine x3  
  117  8:50  Supply Depot  
  117  8:53  Supply Depot  
  117  8:57  Liberator  
  117  9:01  Terran Infantry Armor Level 2  
  117  9:03  Widow Mine  
  118  9:11  Widow Mine  
  118  9:12  Marauder, Marine x4  
  129  9:25  SCV x2  
  129  9:30  Marine x4  
  135  9:40  Liberator  
  135  9:52  Marine  
  136  9:53  Widow Mine x2, Marine x2  
  115  10:20  Marine  
  115  10:21  Marine x3  
  106  10:22  Marine  
  106  10:23  Widow Mine x2, Liberator  
  106  10:25  SCV x2  
  109  10:37  SCV x2  
  109  10:38  Marine  
  109  10:39  Marine  
  109  10:41  Supply Depot x2  
  114  10:49  SCV  
  105  10:51  Marine x3  
  96  10:58  Refinery, Marine x2  
  96  11:02  Missile Turret  
  96  11:03  Orbital Command  
  94  11:04  Refinery  
  94  11:09  Marine x2  
  94  11:10  Supply Depot  
  96  11:14  Terran Ship Weapons Level 2  
  96  11:17  Terran Infantry Weapons Level 3  
  96  11:19  Marine  
  96  11:24  Factory Reactor  
  100  11:35  Supply Depot  
  100  11:36  Marine x3  
  100  11:37  Marine  
  100  11:38  Marauder  
  103  11:42  Terran Infantry Armor Level 3  
  103  11:47  Liberator x2  
  103  12:00  Supply Depot  
  93  12:02  Marine x5  
  93  12:03  Widow Mine x2  
  107  12:20  Marine  
  108  12:25  Command Center, Marine x3  
  108  12:27  Command Center, Marauder  
  103  12:30  Liberator x2  
  103  12:43  Marine x3  
  103  12:44  Marine  
  106  12:49  Marauder  
  115  12:58  Widow Mine x2  
  115  13:01  Marine x2  
  121  13:09  Marine x2  
  121  13:10  Marauder  
  125  13:12  Liberator  
  125  13:13  Liberator  
  125  13:27  Widow Mine x2  
  125  13:31  Marauder  
  137  13:37  Marine x4  
  116  14:05  Widow Mine x2  
  123  14:17  Liberator x2  
  123  14:23  Marine x2  
  120  14:31  Marine  
  120  14:41  Marine x2  
  120  14:44  Widow Mine x2  
  125  14:49  Marine  
Tags
 
Add a new tag
Caveats
  • Supply blocks, unpowered buildings, or Contaminate may cause inaccurate times.
  • Supply counts are checked every 10 seconds.